Map: Emerald City LE

Players

kasm - Winner!

  • Race: Zerg Zerg
  • League: Diamond
  • Spawn Location: 5:00

PeLLy - Winner!

  • Race: Zerg Zerg
  • League: Diamond
  • Spawn Location: 5:00

Soulless

  • Race: Zerg Zerg
  • League: Master
  • Spawn Location: 11:00

Niepoważny

  • Race: Protoss Protoss
  • Spawn Location: 11:00

VOD

Have the link to the VOD?

Description

Time

  • Played on: July 28, 2019, 2:26 p.m.
  • Length: 16:10
Show
View Real Time Build Order
Export as new Build Order

kasm Zerg - Winner!

Build Orders: Pool First 

Get SALT Encoding   

  12  0:13  Extractor  
  11  0:19  Extractor  
  11  0:20  Drone x2  
  11  0:21  Drone  
  13  0:32  Drone  
  15  0:46  Spawning Pool  
  14  0:59  Overlord  
  14  1:26  Drone x3  
  17  1:37  Hatchery  
  16  1:50  Drone x2  
  18  1:58  Queen  
  20  2:06  Metabolic Boost  
  20  2:47  Overlord  
  20  2:48  Overlord x2  
  20  2:55  Zergling x2  
  21  3:01  Zergling x4  
  23  3:12  Queen  
  25  3:14  Zergling x6  
  25  3:15  Zergling x2  
  25  3:18  Baneling Nest  
  28  3:20  Zergling x2  
  28  3:24  Zergling x2  
  30  3:43  Zergling x14  
  31  4:21  Zergling x18  
  37  4:40  Zergling x4  
  9  5:41  Zergling x12  
  14  5:54  Drone x2  
  14  6:08  Spore Crawler  
  14  6:09  Drone  
  14  6:28  Drone x4  
  17  6:45  Drone  
  18  7:08  Drone  
  18  7:09  Drone  
  18  7:12  Drone  
  21  7:20  Drone  
  22  7:26  Drone x3  
  25  8:04  Drone  
  25  8:05  Drone x9  
  35  8:09  Extractor  
  35  8:11  Lair  
  34  8:14  Drone x3  
  37  8:28  Drone x3  
  40  8:34  Drone  
  41  8:49  Drone x2  
  41  8:50  Overlord  
  41  8:51  Overlord x2  
  43  8:56  Hatchery  
  42  9:12  Extractor  
  42  9:14  Extractor  
  42  9:15  Drone x4  
  42  9:16  Drone x2  
  46  9:26  Drone x2  
  48  9:42  Spire  
  47  9:47  Drone x2  
  47  9:48  Drone x4  
  53  9:58  Drone x2  
  55  10:06  Drone x4  
  59  10:20  Overlord x2  
  59  10:21  Spore Crawler  
  58  10:24  Overseer x2  
  58  10:25  Spore Crawler  
  57  10:29  Drone x2  
  57  10:30  Drone x3  
  62  10:44  Extractor  
  62  10:46  Extractor  
  60  11:11  Mutalisk  
  60  11:12  Mutalisk x11  
  60  11:17  Spore Crawler  
  79  11:21  Spore Crawler  
  79  11:22  Spore Crawler  
  74  11:26  Zerg Flyer Armor Level 1  
  74  11:31  Overlord x3  
  73  11:46  Overlord  
  73  11:47  Overlord x4  
  73  11:57  Overlord x2  
  73  12:04  Queen  
  73  12:07  Mutalisk  
  73  12:08  Mutalisk x3  
  83  12:19  Queen  
  83  12:21  Mutalisk  
  87  12:30  Mutalisk x3  
  93  12:43  Mutalisk x3  
  96  13:31  Mutalisk  
  96  13:32  Mutalisk x8  
  96  13:33  Mutalisk  
  106  13:34  Mutalisk x2  
  106  13:40  Mutalisk  
  106  13:42  Overlord x2  
  106  14:00  Queen  
  108  15:44  Mutalisk  
  108  15:45  Mutalisk x6  
Show
View Real Time Build Order
Export as new Build Order

PeLLy Zerg - Winner!

Build Orders: Hatch First, Zergling Baneling 

Get SALT Encoding   

  12  0:01  Drone  
  13  0:12  Overlord  
  13  0:18  Drone  
  14  0:30  Drone x2  
  16  0:40  Drone  
  17  0:54  Hatchery  
  17  0:57  Drone  
  17  1:05  Drone, Extractor  
  17  1:16  Spawning Pool  
  16  1:19  Drone  
  17  1:29  Drone x2  
  19  1:41  Overlord  
  19  1:50  Drone  
  20  2:02  Drone  
  20  2:03  Queen  
  20  2:06  Queen  
  20  2:08  Drone  
  26  2:11  Metabolic Boost  
  26  2:15  Zergling x2  
  27  2:34  Zergling x2  
  27  2:35  Zergling x6  
  31  2:41  Overlord  
  31  2:52  Baneling Nest  
  31  2:53  Zergling x2  
  31  2:54  Zergling x2  
  31  2:58  Zergling x2  
  33  3:04  Zergling x2  
  34  3:12  Zergling x4  
  36  3:19  Zergling x12  
  42  3:21  Overlord  
  42  3:32  Evolution Chamber  
  41  3:36  Baneling  
  41  3:37  Baneling x6  
  41  3:49  Zergling x2  
  41  3:50  Zergling x8  
  34  4:29  Zergling x2  
  34  4:30  Zergling x16  
  41  4:43  Baneling x6  
  41  4:49  Zergling x4  
  43  5:02  Queen x2  
  43  5:04  Spore Crawler  
  43  5:06  Spore Crawler  
  45  5:08  Spore Crawler  
  31  5:36  Zergling x14  
  31  5:37  Zergling x2  
  33  5:47  Drone x2  
  35  6:03  Drone  
  39  6:04  Drone x3, Spore Crawler  
  38  6:27  Drone  
  38  6:28  Drone  
  40  6:35  Extractor, Zerg Missile Weapons Level 1  
  39  6:44  Drone x3, Extractor  
  41  7:03  Drone x3  
  44  7:13  Drone x7  
  51  7:17  Extractor  
  50  7:41  Lair  
  50  8:07  Spore Crawler  
  50  8:11  Spore Crawler  
  48  8:18  Drone x4  
  52  8:24  Overlord  
  52  8:34  Hatchery  
  51  8:47  Zerg Missile Weapons Level 2  
  51  8:52  Hydralisk Den  
  50  9:05  Drone  
  50  9:08  Drone x5  
  50  9:09  Drone x2  
  58  9:21  Spire  
  57  9:34  Extractor  
  57  9:36  Extractor  
  55  9:50  Queen  
  57  9:56  Drone x9  
  57  9:58  Spore Crawler  
  57  9:59  Spore Crawler  
  64  10:10  Hydralisk  
  64  10:13  Overlord x4  
  66  10:21  Overseer  
  66  10:36  Spine Crawler  
  65  10:45  Hydralisk x8  
  81  10:56  Drone  
  81  10:57  Drone x6  
  86  11:18  Mutalisk  
  86  11:19  Mutalisk x4  
  86  11:24  Zerg Flyer Armor Level 1  
  96  11:38  Overlord x2  
  93  11:40  Overlord x3  
  90  11:54  Grooved Spines  
  90  12:02  Evolution Chamber  
  90  12:05  Mutalisk x3  
  90  12:06  Mutalisk x3  
  101  12:19  Spore Crawler  
  101  12:22  Spore Crawler  
  99  12:24  Spore Crawler x2  
  95  12:31  Mutalisk  
  95  12:32  Mutalisk x4  
  105  12:44  Overlord x3  
  95  13:06  Muscular Augments  
  95  13:13  Mutalisk x8  
  105  13:27  Hydralisk x4  
  81  13:46  Mutalisk x4  
  81  13:47  Mutalisk  
  91  14:00  Mutalisk  
  91  14:01  Mutalisk x3  
  95  14:17  Mutalisk x4  
  103  14:30  Mutalisk x4  
  111  14:43  Mutalisk x3  
  115  14:51  Mutalisk  
  117  15:06  Mutalisk  
  117  15:07  Mutalisk x2  
  121  15:25  Drone x5  
  126  15:35  Hatchery  
  125  15:46  Hydralisk  
  127  16:09  Roach Warren  
Show
View Real Time Build Order
Export as new Build Order

Soulless Zerg 

Build Orders: Hatch First, Zergling Baneling 

Get SALT Encoding   

  12  0:13  Drone  
  13  0:14  Overlord  
  13  0:18  Drone  
  14  0:32  Drone  
  14  0:35  Drone  
  16  0:46  Drone  
  17  0:57  Hatchery  
  17  0:59  Extractor  
  17  1:00  Drone  
  16  1:16  Spawning Pool  
  16  1:18  Drone  
  16  1:21  Drone  
  17  1:28  Drone  
  18  1:39  Drone  
  19  2:05  Queen  
  21  2:11  Zergling x4, Baneling Nest  
  21  2:12  Zergling x2  
  23  2:17  Drone  
  23  2:20  Queen  
  23  2:21  Drone  
  27  2:23  Drone  
  28  2:32  Overlord  
  28  2:46  Metabolic Boost  
  28  3:03  Drone  
  28  3:04  Drone x5  
  34  3:06  Baneling x4  
  34  3:07  Baneling  
  34  3:25  Baneling  
  34  3:26  Zergling x4  
  36  3:31  Overlord x4  
  36  3:46  Baneling  
  36  3:47  Baneling  
  36  3:49  Drone x2  
  36  3:50  Drone x3  
  41  4:02  Drone x2  
  42  4:16  Baneling x2  
  34  4:37  Zergling x4  
  34  4:38  Zergling x4  
  29  4:46  Zergling x2  
  29  4:47  Zergling x6  
  29  4:52  Zergling x6  
  30  5:01  Spine Crawler  
  30  5:02  Baneling x2  
  30  5:03  Baneling  
  27  5:08  Baneling x2  
  26  5:15  Zergling x6  
  26  5:16  Zergling x4  
  17  5:28  Zergling x4  
  12  5:37  Baneling  
  5  5:44  Zergling x6  
  7  6:06  Baneling  
  7  6:09  Drone x3  
  7  6:10  Drone x2  
  12  6:16  Drone  
  13  6:20  Baneling  
  13  6:42  Baneling  
  13  6:45  Drone  
  13  6:47  Drone  
  15  6:57  Drone  
  16  7:05  Drone  
  17  7:13  Drone  
  18  7:17  Baneling  
  18  7:24  Drone  
  18  7:29  Drone  
  20  7:33  Baneling  
  20  7:37  Drone  
  21  7:42  Drone  
  22  7:50  Drone  
  22  7:51  Drone  
  24  7:56  Drone  
  25  8:01  Drone, Baneling  
  26  8:05  Drone  
  26  8:09  Drone  
  26  8:12  Drone  
  29  8:15  Drone  
  30  8:23  Drone  
  30  8:24  Drone  
  32  8:29  Lair  
  32  8:33  Drone  
  33  8:35  Drone  
  34  8:44  Drone  
  34  8:46  Drone  
  36  8:53  Extractor x2  
  36  8:54  Queen  
  36  8:56  Drone x2  
  36  8:58  Extractor  
  37  9:07  Drone  
  39  9:10  Drone  
  39  9:16  Drone  
  40  9:18  Drone  
  41  9:30  Spire  
  41  9:31  Drone x2  
  42  9:38  Drone  
  43  9:41  Queen  
  43  9:44  Drone  
  46  9:48  Drone  
  46  9:50  Drone  
  48  9:59  Drone  
  49  10:01  Drone  
  49  10:05  Overlord  
  49  10:06  Overlord  
  49  10:07  Overlord  
  50  10:43  Mutalisk x5, Hatchery  
  50  10:44  Mutalisk x3  
  65  10:52  Mutalisk x3  
  65  10:56  Mutalisk x2  
  75  11:16  Mutalisk  
  75  11:17  Mutalisk x2  
  79  11:26  Mutalisk x2  
  83  11:35  Overlord x4  
  83  11:38  Baneling x2  
  83  11:39  Baneling  
  82  11:53  Mutalisk x4  
  90  11:58  Baneling x2  
  90  12:05  Mutalisk x2  
  94  12:18  Mutalisk x2  
  94  12:19  Zergling x2  
  94  12:20  Zergling x4  
  98  12:41  Hatchery  
  97  12:48  Mutalisk x4  
  99  13:12  Overlord x2  
  90  13:34  Mutalisk x5  
  74  13:47  Mutalisk  
  76  13:48  Zergling x4  
  76  13:49  Zergling x2  
  79  13:56  Mutalisk x2  
  83  14:08  Mutalisk x2  
  79  14:16  Mutalisk  
  73  14:24  Mutalisk x2  
Show
View Real Time Build Order
Export as new Build Order

Niepoważny Protoss 

Build Orders: Oracle Opening 

Get SALT Encoding   

  12  0:01  Probe  
  13  0:20  Pylon  
  13  0:24  Probe  
  14  0:36  Probe  
  14  0:39  Forge  
  15  0:51  Gateway  
  15  0:54  Probe  
  15  1:02  Probe  
  15  1:03  Assimilator  
  17  1:12  Assimilator  
  17  1:27  Photon Cannon  
  17  1:34  Pylon  
  17  1:43  Cybernetics Core  
  17  1:50  Probe  
  17  1:53  Pylon  
  18  2:09  Gateway, Probe  
  19  2:17  Probe  
  20  2:26  Photon Cannon  
  20  2:27  Probe  
  21  2:38  Stargate  
  21  3:12  Oracle  
  21  3:15  Nexus  
  24  3:41  Oracle  
  27  4:02  Assimilator  
  27  4:17  Pylon, Oracle  
  7  6:03  Probe  
  8  6:11  Probe  
  9  6:19  Probe  
  10  6:30  Probe  
  11  6:41  Probe  
  12  6:49  Probe  
  13  6:57  Probe  
  13  7:06  Probe  
  14  7:09  Zealot  
  14  7:14  Probe  
  18  7:23  Probe  
  18  7:25  Warp Gate  
  19  7:35  Probe  
  20  7:47  Probe  
  21  7:58  Probe  
  22  8:06  Probe  
  23  8:16  Probe  
  23  8:18  Assimilator  
  24  8:26  Pylon  
  24  8:28  Probe  
  25  8:40  Probe  
  26  8:53  Probe  
  27  8:58  Nexus  
  27  9:05  Probe  
  28  9:21  Probe  
  28  9:29  Probe  
  28  9:30  Pylon  
  30  9:38  Probe  
  31  9:57  Probe  
  31  10:05  Probe  
  32  10:07  Pylon, Probe  
  34  10:14  Probe  
  34  10:15  Probe  
  36  10:25  Probe  
  37  10:37  Forge, Probe  
  38  10:47  Probe  
  39  10:52  Probe  
  39  10:55  Probe  
  40  11:03  Probe  
  41  11:04  Probe  
  41  11:06  Stargate  
  43  11:16  Probe  
  44  11:24  Gateway  
  44  11:28  Gateway  
  44  11:30  Gateway  
  44  11:32  Gateway  
  44  11:50  Pylon  
  44  11:55  Twilight Council  
  44  11:58  Gateway  
  44  12:01  Gateway  
  44  12:03  Gateway  
  44  12:26  Zealot x2  
  44  12:27  Zealot x3  
  54  12:37  Twilight Council  
  54  12:40  Probe  
  54  12:44  Pylon  
  55  12:52  Probe  
  56  13:04  Blink  
  49  13:17  Stalker x2  
  49  13:18  Stalker x4  
  44  13:48  Templar Archives  
  44  14:01  Probe  
  44  14:09  Probe  
  46  14:19  Probe  
  47  14:28  High Templar x2  
  51  14:32  Archon  
  51  14:34  High Templar  
  53  14:52  High Templar  
  55  14:56  Archon  
  55  15:01  High Templar  
  55  15:02  High Templar x5  
  55  15:05  Archon  
  55  15:06  Archon x2  
  67  15:12  High Templar  
  69  15:26  High Templar  
  67  15:31  Archon  
Tags
 
Add a new tag
Caveats
  • Supply blocks, unpowered buildings, or Contaminate may cause inaccurate times.
  • Supply counts are checked every 10 seconds.